 Dungeon Crawl Stone Soup version 0.27.1-33-g824d729ab1 (webtiles) character file.

Game seed: 5756421624267080975

4573 pkoi the Grappler (level 10, -5/77 HPs)
             Began as a Yellow Draconian Delver on Dec 1, 2021.
             Was an Initiate of Gozag.
             Slain by a wyvern (13 damage)
             ... on level 9 of the Dungeon.
             The game lasted 00:11:02 (11151 turns).

pkoi the Grappler (Yellow Draconian Delver)        Turns: 11151, Time: 00:11:02

Health: -5/77      AC: 10    Str: 16    XL:     10   Next: 18%
Magic:  11/12      EV: 10    Int: 13    God:    Gozag
Gold:   945        SH: 12    Dex: 12    Spells: 9/11 levels left

rFire    . . .     SeeInvis .     - Unarmed
rCold    . . .     Faith    .   f - +2 kite shield
rNeg     . . .     Spirit   .   (armour unavailable)
rPois    .         Reflect  .   (helmet restricted)
rElec    .         Harm     .   o - +0 cloak
rCorr    +         Rampage  .   (no gloves)
Will     .....                  m - +1 pair of boots
Stlth    +++.......             (no amulet)
HPRegen  0.22/turn              (no ring)
MPRegen  0.13/turn              (no ring)

@: mighty, short of breath, gold aura
A: spit acid, AC +7, unfitting armour, cold-blooded, acid resistance
a: Breathe Acid, Renounce Religion, Potion Petition, Call Merchant, Bribe Branch


You were on level 9 of the Dungeon.
You worshipped Gozag.
Gozag was pleased with you.
You visited 2 branches of the dungeon, and saw 10 of its levels.

You collected 1022 gold pieces.
You paid 77 gold pieces to Gozag.

Inventory:

Hand Weapons
 g - a +1 whip of venom
Armour
 f - a +2 kite shield (worn)
 m - a +1 pair of boots (worn)
 o - a +0 cloak (worn)
Jewellery
 t - a +4 ring of evasion
 v - a ring of fire
Wands
 e - a wand of digging (15)
 j - a wand of mindburst (14)
 l - a wand of paralysis (5)
 r - a wand of polymorph (8)
 s - a wand of iceblast (13)
Scrolls
 a - 4 scrolls of fog
 b - a scroll of magic mapping
 c - 4 scrolls of fear
 h - 2 scrolls of teleportation
 i - 6 scrolls of identify
Potions
 d - a potion of haste
 k - a potion of invisibility {unknown}
 n - 2 potions of lignification {unknown}
 p - 3 potions of curing {unknown}
 q - 3 potions of attraction {unknown}


   Skills:
 - Level 3.2 Fighting
 - Level 1.7 Dodging
 - Level 4.5 Stealth
 + Level 7.2 Shields
 + Level 12.4 Unarmed Combat
 + Level 1.4 Spellcasting
 + Level 1.6 Transmutations
 + Level 1.6 Earth Magic


You had 9 spell levels left.
You knew the following spells:

 Your Spells              Type           Power      Damage    Failure   Level
a - Passwall              Tmut/Erth      4%         N/A       50%         2

Your spell library contained the following spells:

 Spells                   Type           Power      Damage    Failure   Level
 Corona                   Hex            0%         N/A       58%         1
 Ensorcelled Hibernation  Hex/Ice        0%         N/A       73%         2
 Ignite Poison            Fire/Tmut/Pois 2%         N/A       86%         3
 Conjure Flame            Conj/Fire      0%         6-21      91%         3
 Gell's Gravitas          Tloc           0%         N/A       91%         3
 Lesser Beckoning         Tloc           0%         N/A       91%         3
 Swiftness                Air            0%         N/A       91%         3
 Teleport Other           Tloc           0%         N/A       91%         3
 Tukima's Dance           Hex            0%         N/A       91%         3
 Sticky Flame             Conj/Fire      0%         2d3       100%        4
 Blade Hands              Tmut           2%         N/A       100%        5
 Irradiate                Conj/Tmut      1%         3d13      100%        5
 Invisibility             Hex            0%         N/A       100%        6
 Dragon Form              Tmut           2%         N/A       100%        7
 Malign Gateway           Summ/Tloc      0%         N/A       100%        7
 Summon Horrible Things   Summ           0%         N/A       100%        8


Dungeon Overview and Level Annotations

Branches:
Dungeon (9/15)             Temple (1/1) D:7
   Lair: D:8-11         Orc: D:9-12

Altars:
Ashenzari
Cheibriados
Dithmenos
Elyvilon
Fedhas
Gozag
Hepliaklqana
Kikubaaqudgha
Makhleb
Nemelex Xobeh
Okawaru
Qazlal
Ru
Sif Muna
Trog
Vehumet
Wu Jian
Xom
Yredelemnul
Zin


Innate Abilities, Weirdness & Mutations

You can spit globs of acid.
Your golden yellow scales are hard. (AC +7)
You cannot fit into any form of body armour.
You are cold-blooded and may be slowed by cold attacks.
You are resistant to acid. (rCorr)


Message History

The gnoll shaman is severely wounded.
You hear an angry hiss.
You block the gnoll shaman's attack.
You pummel the gnoll shaman!!
You kill the gnoll shaman!
The centaur zombie hits you.
* * * LOW HITPOINT WARNING * * *
You block the centaur zombie's attack.
The centaur is distracted by your dazzling golden aura.
The centaur shouts!
You punch the centaur zombie! You tail-slap the centaur zombie!
The centaur zombie is severely damaged.
The centaur zombie hits you.
* * * LOW HITPOINT WARNING * * *
You block the centaur zombie's attack.
You feel much better.
The centaur is no longer distracted by gold.
You block the centaur zombie's attack. x2; The centaur barely misses you.
The centaur kicks you but does no damage.
You pummel the centaur zombie!!
You destroy the centaur zombie!
You block the centaur's attack. x2; The centaur closely misses you.
The centaur kicks you but does no damage.
You punch the centaur!
Your tail-slap misses the centaur.
The centaur is severely wounded.
The centaur barely misses you. You block the centaur's attack.
You pummel the centaur!!
You kill the centaur!
A wyvern comes into view.
The wyvern bites you!
* * * LOW HITPOINT WARNING * * *
You closely miss the wyvern.
Your tail-slap misses the wyvern.
You block the wyvern's attack.
Press: ? - help, Shift-Dir - straight line, f - wyvern
Aim: a wyvern You spit a glob of acid.
The glob of acid misses the wyvern.
The wyvern bites you but does no damage.
The wyvern bites you!
You die...
Your body crumbles into a pile of gold.

#.#.# #.#.# #.#.##
#$#$## #.#.# #.#c##
##(#.##
#################l#
....<..........$@.#
.....##############
..)).# .>..)#
.....# ######


You could see a wyvern.

Vanquished Creatures
  Pikel (D:7)
  A manticore (D:7)
  A cyclops (D:8)
  A hornet (D:9)
  A wraith (D:7)
  Duvessa (D:7)
  A hornet zombie (D:8)
  3 orc warriors (D:8)
  A black bear (D:7)
  A necrophage (D:4)
  A sky beast (D:7)
  4 centaurs
  A phantom (D:6)
  2 kobold brigands
  A gnoll sergeant (D:9)
  Dowan (D:7)
  2 scorpions (D:6)
  A wyvern skeleton (D:7)
  A water moccasin skeleton (D:2)
  10 wights
  A bullfrog zombie (D:5)
  A centaur zombie (D:9)
  3 jellies
  A centaur skeleton (D:6)
  5 hounds
  A gnoll shaman (D:9)
  2 orc priests
  Crazy Yiuf (D:5)
  2 iguanas (D:5)
  2 bullfrog skeletons (D:6)
  6 orc wizards
  A killer bee zombie (D:8)
  Robin (D:3)
  8 adders
  3 gnolls (D:9)
  A howler monkey skeleton (D:6)
  2 shadow imps
  2 ufetubi
  2 worms
  A dart slug (D:4)
  24 orcs
  7 bats
  6 endoplasms
  4 giant cockroaches
  8 goblins
  13 hobgoblins
  A jackal (D:2)
  3 quokkas
  6 ball pythons
  A frilled lizard (D:2)
  16 kobolds
  12 rats
183 creatures vanquished.

Notes
Turn   | Place    | Note
-------+----------+-------------------------------------------
     0 | D:5      | pkoi the Draconian Delver began the quest for the Orb.
     0 | D:5      | Reached XP level 1. HP: 19/19 MP: 1/1
    46 | D:5      | Noticed an iguana
    83 | D:5      | Noticed an iguana
   138 | D:5      | Noticed a hound
   164 | D:5      | Killed a hound
   165 | D:5      | Reached skill level 3 in Unarmed Combat
   165 | D:5      | Reached XP level 2. HP: 16/26 MP: 2/2
   165 | D:5      | Reached XP level 3. HP: 19/31 MP: 3/3
   461 | D:5      | Reached skill level 4 in Unarmed Combat
   461 | D:5      | Reached XP level 4. HP: 23/38 MP: 4/4
  1072 | D:3      | Reached skill level 5 in Unarmed Combat
  1255 | D:1      | You fall into a shaft and drop 1 floor!
  1410 | D:2      | Reached XP level 5. HP: 45/45 MP: 5/5
  1499 | D:1      | Found a faded altar of an unknown god.
  2632 | D:2      | Reached skill level 6 in Unarmed Combat
  3540 | D:3      | Reached XP level 6. HP: 35/51 MP: 6/6
  3684 | D:3      | Noticed Robin
  3688 | D:3      | Killed Robin
  3718 | D:3      | HP: 1/51 [poisoned by a hobgoblin]
  4598 | D:4      | Found a shimmering altar of Xom.
  4728 | D:4      | Reached skill level 7 in Unarmed Combat
  5083 | D:4      | Found an ornate altar of the Wu Jian Council.
  5113 | D:4      | Found a hazy altar of Hepliaklqana.
  5222 | D:5      | Your scales start taking on a golden yellow colour.
  5222 | D:5      | Reached XP level 7. HP: 57/57 MP: 7/7
  5222 | D:5      | Gained mutation: You are resistant to acid. (rCorr) [Yellow
                  | Draconian growth]
  5261 | D:5      | Found a runed translucent door.
  5262 | D:5      | Noticed Crazy Yiuf
  5436 | D:5      | Found an ancient bone altar of Kikubaaqudgha.
  5529 | D:5      | Reached skill level 1 in Shields
  5529 | D:5      | Reached skill level 8 in Unarmed Combat
  5634 | D:5      | Found an opulent altar of Gozag.
  5646 | D:5      | Became a worshipper of Gozag Ym Sagoz the Greedy
  5789 | D:5      | Killed Crazy Yiuf
  6191 | D:6      | Reached skill level 9 in Unarmed Combat
  6191 | D:6      | Reached XP level 8. HP: 34/62 MP: 8/8
  6484 | D:6      | Found a stormy altar of Qazlal.
  6575 | D:6      | Found a sacrificial altar of Ru.
  7405 | D:6      | Found a shadowy altar of Dithmenos.
  7583 | D:7      | Found a staircase to the Ecumenical Temple.
  7601 | Temple   | Entered the Ecumenical Temple
  7862 | D:7      | Found a broken altar of Ashenzari.
  7932 | D:7      | Reached skill level 10 in Unarmed Combat
  8067 | D:7      | Noticed Duvessa
  8067 | D:7      | Noticed Dowan
  8075 | D:7      | Killed Duvessa
  8079 | D:7      | Killed Dowan
  8182 | D:7      | Noticed Pikel
  8197 | D:7      | Killed Pikel
  8198 | D:7      | Reached skill level 5 in Shields
  8198 | D:7      | Reached XP level 9. HP: 46/70 MP: 9/9
  8461 | D:7      | Reached skill level 11 in Unarmed Combat
  8798 | D:7      | Noticed a manticore
  8806 | D:7      | Killed a manticore
  9007 | D:7      | You fall into a shaft and drop 2 floors!
  9669 | D:8      | Noticed a cyclops
  9763 | D:8      | Killed a cyclops
  9764 | D:8      | Reached skill level 12 in Unarmed Combat
 10147 | D:8      | Found a sparkling altar of Nemelex Xobeh.
 10195 | D:8      | Learned a level 2 spell: Passwall
 10216 | D:8      | Found an iron altar of Okawaru.
 10293 | D:8      | Reached XP level 10. HP: 45/77 MP: 10/10
 10839 | D:9      | Reached skill level 1 in Transmutations
 10894 | D:9      | Reached skill level 1 in Spellcasting
 10894 | D:9      | Reached skill level 1 in Earth Magic
 11130 | D:9      | Paralysed by a hornet for 3 turns
 11151 | D:9      | Slain by a wyvern

Illustrated notes

Levels and vault maps discovered:
D:1:      scummos_arrival_simple_crosswalls, layout_basic,
          basic_ecumenical_altar, minmay_rat_gold_closets
D:2:      layout_basic, minmay_diced_spiral
D:3:      layout_basic, kennysheep_cross_bottleneck, uniq_robin
D:4:      layout_loops_ring, mainiacjoe_overflow_small_starburst,
          mainiacjoe_overflow_two_lobes
D:5:      layout_gridville, kiku_gazebo_garden_becter,
          nicolae_gozag_seed_capital, uniq_crazy_yiuf_cottage
D:6:      layout_cave_pods, nicolae_overflow_hidden_temple, marbit_many_paths,
          mainiacjoe_overflow_alcove_2, minmay_a_box_with_orc_wizards_in_it
D:7:      layout_loops_ring, lemuel_crystal_altar,
          minmay_temple_entry_statues_pillars, uniq_pikel, uniq_duvessa
D:8:      layout_gridville, okawaru_altar_gauntlet_db, lemuel_doored_altar
D:9:      minmay_imperfect_grid, layout_cross, uniq_grum
Temple:   grunt_temple_mini_profane

Skill      XL: |  1  2  3  4  5  6  7  8  9 10 |
---------------+-------------------------------+-----
Unarmed Combat | 3 4 5 6 7 9 10 12 | 12.4
Shields        | 3 5 6 7 |  7.2
Transmutations | 1 |  1.6
Spellcasting   | 1 |  1.4
Earth Magic    | 1 |  1.6
Fighting       | |  3.2
Dodging        | |  1.7
Stealth        | |  4.5

Action                   |  1- 3 |  4- 6 |  7- 9 | 10-12 || total
-------------------------+-------+-------+-------+-------++-------
Melee: Unarmed           |    23 |   253 |   338 |    52 ||   666
       Tailslap          |     3 |    27 |    47 |     4 ||    81
       Punch             |     1 |    13 |     6 |       ||    20
       Whip              |       |     6 |       |       ||     6
 Abil: Breathe Acid      |       |       |     8 |     2 ||    10
  Use: Potion            |     1 |     1 |       |     2 ||     4
       Scroll            |       |     9 |     2 |       ||    11
 Stab: Sleeping          |     1 |    26 |     3 |       ||    30
Armor: Skin              |     2 |    45 |   117 |    26 ||   190
Dodge: Dodged            |    19 |   125 |   141 |    23 ||   308
Block: Kite shield       |       |       |   113 |    50 ||   163
